 Dungeon Crawl Stone Soup version 0.25-a0-98-g0cf78c2f83 (webtiles) character file.

Game seed: 13297764166100691179, levelgen mode: deterministic

112896 vurker the Eclecticist (level 16, -16/124 HPs)
             Began as a Mummy Fire Elementalist on Nov 13, 2019.
             Was an Initiate of Gozag.
             Demolished by the 27-headed Lernaean hydra (18 damage)
             ... on level 4 of the Swamp.
             The game lasted 01:28:45 (43280 turns).

vurker the Eclecticist (Mummy Fire Elementalist)   Turns: 43280, Time: 01:28:46

Health: -16/124    AC: 10    Str: 12    XL:     16   Next: 12%
Magic:  37/37      EV: 12    Int: 29    God:    Gozag
Gold:   5980       SH:  8    Dex: 22    Spells: 36/49 levels left

rFire    + . .     SeeInvis .   s - +1 dagger of Ofroi {pierce, Int+7 Dex+2}
rCold    . . .     Gourm    .   J - +0 buckler
rNeg     + + +     Faith    .   f - +2 robe {rF+}
rPois    ∞         Spirit   .   w - +2 hat {MR+}
rElec    .         Reflect  +   z - +0 cloak
rCorr    .         Harm     .   u - +1 pair of gloves
MR       +++..                  I - +0 pair of boots of Ixizo {Dex+6} (curse)
Stlth    ++........             c - +2 amulet of reflection
HPRegen  0.30/turn              j - ring of fire
MPRegen  0.25/turn              g - +3 ring of intelligence

@: no status effects
A: no food or potions, fire vulnerability, cold resistance 1, negative energy
resistance 3, torment resistance, unbreathing, in touch with death 1
a: Potion Petition, Call Merchant, Bribe Branch, Renounce Religion


You were on level 4 of the Swamp.
You worshipped Gozag.
Gozag was greatly pleased with you.
You were not hungry.

You visited 5 branches of the dungeon, and saw 24 of its levels.

You collected 8009 gold pieces.
You spent 592 gold pieces at shops.
You paid 1437 gold pieces to Gozag.

Inventory:

Hand Weapons
 s - the +1 dagger of Ofroi (weapon) {pierce, Int+7 Dex+2}
   (You found it on level 8 of the Dungeon)

   It inflicts extra damage upon your enemies.
   It affects your intelligence (+7).
   It affects your dexterity (+2).
Missiles
 o - a throwing net (quivered)
Armour
 f - a +2 robe of fire resistance (worn)
   (You found it on level 2 of the Dungeon)
 m - +0 ice dragon scales
   (You found it on level 4 of the Dungeon)
 n - the +2 hat of the Bear Spirit {Spirit, +Rage rN+ MR++}
   (You found it on level 5 of the Dungeon)

   It protects you from negative energy.
   It affects your resistance to hostile enchantments.
   It lets you go berserk.
 u - a +1 pair of gloves (worn)
   (You found it on level 1 of the Dungeon)
 w - a +2 hat of magic resistance (worn)
   (You took it off Gastronok on level 9 of the Dungeon)
 z - a +0 cloak (worn)
   (You took it off Maurice on level 11 of the Dungeon)
 I - the cursed +0 pair of boots of Ixizo (worn) {Dex+6}
   (You found it on level 5 of the Lair of Beasts)

   It affects your dexterity (+6).
   It has a curse placed upon it.
 J - a +0 buckler (worn)
   (You bought it in a shop on level 2 of the Orcish Mines)
 K - the +2 robe of the Dwarven Hall {rElec Slay+2}
   (You bought it in a shop on level 2 of the Orcish Mines)

   It affects your accuracy and damage with ranged weapons and melee attacks
   (+2).
   It insulates you from electricity.
Jewellery
 c - a +2 amulet of reflection (around neck)
   (You found it on level 1 of the Swamp)
 g - a +3 ring of intelligence (right hand)
   (You found it on level 1 of the Lair of Beasts)
 j - a ring of fire (left hand)
   (You found it on level 3 of the Dungeon)
 k - an uncursed ring of protection from fire
   (You found it on level 8 of the Dungeon)
 p - an uncursed ring of fire
   (You found it on level 5 of the Dungeon)
 H - an uncursed ring of resist corrosion
   (You found it on level 5 of the Lair of Beasts)
Wands
 d - a wand of iceblast (5)
   (You found it on level 2 of the Lair of Beasts)
 t - a wand of flame (44)
   (You found it on level 5 of the Dungeon)
 v - a wand of digging (12)
   (You took it off Ijyb on level 5 of the Dungeon)
 x - a wand of acid (4)
   (You found it on level 4 of the Lair of Beasts)
 y - a wand of enslavement (13)
   (You found it on level 10 of the Dungeon)
Scrolls
 a - 3 scrolls of magic mapping
 b - 4 scrolls of fear
 h - 2 scrolls of enchant weapon
 i - a scroll of silence
 q - 9 scrolls of remove curse
 r - 2 scrolls of fog
 A - 2 scrolls of enchant armour
 B - 2 scrolls of immolation
 C - 12 scrolls of identify
 D - 12 scrolls of teleportation
 F - 3 scrolls of summoning
 G - 4 scrolls of amnesia
Miscellaneous
 E - a box of beasts


   Skills:
 + Level 10.8 Fighting
 - Level 1.5 Dodging
 - Level 1.5 Stealth
 - Level 4.0 Shields
 * Level 17.3 Spellcasting
 * Level 12.7 Conjurations
 * Level 13.0 Fire Magic
 - Level 5.0 Evocations


You had 36 spell levels left.
You knew the following spells:

 Your Spells              Type           Power        Failure   Level  Hunger
a - Shock                 Conj/Air       ####         1%          1    N/A
c - Conjure Flame         Conj/Fire      ########     1%          3    N/A
q - Sticky Flame          Conj/Fire      ########     1%          4    N/A
z - Fireball              Conj/Fire      ########..   1%          5    N/A

Your spell library contained the following spells:

 Spells                   Type           Power        Failure   Level  Hunger
 Flame Tongue             Conj/Fire      #####        0%          1    N/A
 Throw Flame              Conj/Fire      ######       0%          2    N/A
 Animate Skeleton         Necr           N/A          1%          1    N/A
 Apportation              Tloc           ####..       1%          1    N/A
 Confusing Touch          Hex            ####..       1%          1    N/A
 Corona                   Hex            ####...      1%          1    N/A
 Freeze                   Ice            ####         1%          1    N/A
 Summon Butterflies       Summ           ####....     1%          1    N/A
 Summon Small Mammal      Summ           ####         1%          1    N/A
 Throw Frost              Conj/Ice       ######       1%          2    N/A
 Inner Flame              Hex/Fire       #######.     1%          3    N/A
 Static Discharge         Conj/Air       ######..     1%          3    N/A
 Throw Icicle             Conj/Ice       ######..     1%          4    N/A
 Slow                     Hex            ####....     2%          2    N/A
 Swiftness                Chrm/Air       ####....     2%          2    N/A
 Lightning Bolt           Conj/Air       ######....   3%          5    N/A
 Call Canine Familiar     Summ           ####....     5%          3    N/A
 Ozocubu's Armour         Chrm/Ice       ####....     5%          3    N/A
 Portal Projectile        Hex/Tloc       ####..       5%          3    N/A
 Airstrike                Air            ####......   17%         4    N/A
 Cause Fear               Hex            ####......   17%         4    N/A
 Leda's Liquefaction      Hex/Erth       ####......   17%         4    N/A
 Summon Ice Beast         Ice/Summ       ####....     17%         4    N/A
 Summon Mana Viper        Hex/Summ       ####....     43%         5    N/A
 Summon Hydra             Summ           ####......   100%        7    N/A

Dungeon Overview and Level Annotations

Branches:
Dungeon (11/15)            Temple (1/1) D:5            Lair (6/6) D:9
  Swamp (4/4) Lair:3        Snake (0/4) Lair:4        Slime (0/5) Lair:5
    Orc (2/2) D:11            Elf (0/3) Orc:2

Altars:
Ashenzari
Cheibriados
Dithmenos
Elyvilon
Fedhas
Gozag
Hepliaklqana
Kikubaaqudgha
Makhleb
Nemelex Xobeh
Okawaru
Qazlal
Ru
Sif Muna
Trog
Uskayaw
Vehumet
Wu Jian
Xom
Yredelemnul
Zin
The Shining One
Beogh
Jiyva

Shops:
D:9 :   D:10 :   D:11 (   Orc:1 ?   Orc:2 *[*}*=

Portals:
Pandemonium: Orc:2
Trove: D:10 (give horn of Geryon)

Annotations:
Lair:1 3 runed translucent doors, Killmatronix's ghost, journeyman KoHu; grouchysmurf's ghost, journeyman GrBe
Swamp:4 Lernaean hydra


Innate Abilities, Weirdness & Mutations

You do not eat or drink.
Your flesh is vulnerable to fire.
You are immune to poison.
Your flesh is cold resistant. (rC+)
You are immune to negative energy. (rN+++)
You are immune to unholy pain and torment.
You can survive without breathing.
You are in touch with the powers of death.


Message History

Your juvenile stingbat beast stings the 27-headed Lernaean hydra!
The 27-headed Lernaean hydra is poisoned.
Your juvenile stingbat beast poisons the 27-headed Lernaean hydra!
The 27-headed Lernaean hydra bites you!
The 27-headed Lernaean hydra bites you but does no damage. x2
The 27-headed Lernaean hydra barely misses you. x2
The 27-headed Lernaean hydra bites you.
The 27-headed Lernaean hydra bites you but does no damage.
The 27-headed Lernaean hydra bites you. The 27-headed Lernaean hydra bites you!
The 27-headed Lernaean hydra bites you.
You block the 27-headed Lernaean hydra's attack.
The 27-headed Lernaean hydra bites you. The 27-headed Lernaean hydra bites you!
The 27-headed Lernaean hydra closely misses you.
The 27-headed Lernaean hydra bites you. x2
The 27-headed Lernaean hydra closely misses you.
The 27-headed Lernaean hydra bites you!
* * * LOW HITPOINT WARNING * * *
You block the 27-headed Lernaean hydra's attack.
The 27-headed Lernaean hydra bites you!
* * * LOW HITPOINT WARNING * * *
The 27-headed Lernaean hydra closely misses you.
The 27-headed Lernaean hydra bites you!
* * * LOW HITPOINT WARNING * * *
You block the 27-headed Lernaean hydra's attack.
The 27-headed Lernaean hydra bites you.
* * * LOW HITPOINT WARNING * * *
The 27-headed Lernaean hydra bites you.
* * * LOW HITPOINT WARNING * * *
The 27-headed Lernaean hydra bites you!
* * * LOW HITPOINT WARNING * * *
The 27-headed Lernaean hydra closely misses you.
Unknown command.
As you read the scroll of fear, it crumbles to dust.
You assume a fearsome visage.
The 27-headed Lernaean hydra looks frightened!
The seven-headed hydra looks frightened!
Your juvenile batox beast hits the 27-headed Lernaean hydra.
Your juvenile batox beast tramples the 27-headed Lernaean hydra!
The 27-headed Lernaean hydra holds its ground!
Your juvenile stingbat beast hits the 27-headed Lernaean hydra.
Your juvenile stingbat beast's attack snaps the 27-headed Lernaean hydra out of its fear.
Your juvenile stingbat beast stings the 27-headed Lernaean hydra.
The 27-headed Lernaean hydra bites you!
* * * LOW HITPOINT WARNING * * *
The 27-headed Lernaean hydra bites you.
* * * LOW HITPOINT WARNING * * *
The 27-headed Lernaean hydra bites you but does no damage.
The 27-headed Lernaean hydra bites you!!
You die...
Your body crumbles into a pile of gold.

♣♣♣♣♣♣♣♣♣♣♣♣♣♣♣♣♣♣♣♣♣
♣≈.♣.≈≈♣♣≈...≈♣♣...≈♣♣
♣♣≈≈≈≈≈≈.♣≈≈≈≈.≈≈≈≈≈..♣♣
.♣♣♣..≈≈≈♣..≈....≈≈≈≈.§♣♣
.≈≈..≈≈.♣≈.≈♣≈≈..≈≈.≈≈.≈♣
(...≈≈≈%...♣♣.≈≈.≈≈.≈≈≈.♣ ≈.
≈≈..≈≈.≈≈.§.♣♣..@H≈≈≈..§♣ ♣?≈
≈.≈...♣..≈≈≈..≈.DH..≈...♣♣≈.§
♣...♣♣♣.≈≈...≈≈≈.≈..≈§≈...§≈≈
♣♣♣♣♣ ♣.≈≈≈..≈≈§.≈≈≈≈≈≈.≈≈≈≈≈
♣≈.≈≈≈....≈♣≈≈≈≈≈≈≈≈≈≈≈≈
♣.....♣♣♣♣♣≈.≈≈≈≈≈..≈≈≈≈
♣.....♣ ♣≈......D..≈≈≈≈
♣♣≈≈≈...♣ ♣♣.≈.≈≈♣...≈≈≈≈
♣♣♣≈≈.≈≈≈≈≈ ##≈≈≈(....≈≈≈#


You could see the 27-headed Lernaean hydra, a seven-headed hydra (fleeing) and 2
friendly mutant beasts.

Vanquished Creatures
  A tentacled monstrosity (Swamp:3)
  Gastronok (D:9)
  A thorn hunter (Swamp:3)
  Donald (Lair:3)
  A very ugly thing (Swamp:4)
  6 dire elephants (Lair:6)
  28 hydras
  A ghost crab (Swamp:3)
  An anaconda (Lair:6)
  13 alligators
  3 two-headed ogres
  7 death yaks (D:9)
  2 orc high priests (Orc:2)
  2 gelid demonspawn (Orc:2)
  8 swamp dragons
  Pikel (D:4)
  A spriggan druid (Swamp:3)
  9 orc sorcerers (Orc:2)
  2 ugly things (D:11)
  4 orc knights (Orc:2)
  2 oklob plants
  7 black mambas
  Maurice (D:11)
  4 elephants (Lair:6)
  Joseph (D:8)
  A smoke demon (Orc:2)
  A torpor snail (Lair:5)
  16 spiny frogs
  5 rime drakes
  10 komodo dragons
  A hellwing (Orc:2)
  A polar bear (Lair:6)
  6 hornets
  2 trolls
  Prince Ribbit (D:8)
  19 bog bodies
  10 tyrant leeches
  7 dream sheep
  7 slime creatures
  5 hippogriffs
  8 blink frogs
  3 shadows
  6 spriggans
  4 wyverns
  A ynoxinul (Orc:2)
  28 yaks
  Eustachio (D:4)
  A hungry ghost (D:11)
  A chaos spawn (Orc:2)
  2 neqoxecs (Orc:2)
  6 basilisks
  27 vampire mosquitoes
  A warg (Orc:2)
  11 swamp worms
  3 nagas (Lair:4)
  11 water moccasins
  4 porcupines
  12 swamp drakes
  27 orc warriors
  2 sky beasts
  3 slaves
  3 ice beasts
  A necrophage (D:10)
  An eye of draining (D:11)
  2 black bears
  4 ogres
  4 phantoms
  3 centaurs
  8 crocodiles
  A big kobold (D:11)
  11 bullfrogs
  A wyvern zombie (D:5)
  5 scorpions
  10 killer bees
  6 wights (D:7)
  10 howler monkeys
  A crimson imp (D:11)
  A quasit (D:6)
  17 orc wizards
  A centaur zombie (D:7)
  23 orc priests
  3 hounds
  6 bullfrog skeletons
  2 centaur skeletons
  Ijyb (D:5)
  2 iguanas
  5 worker ants
  A killer bee zombie (D:7)
  3 hound zombies
  A hound skeleton (D:5)
  A howler monkey skeleton (D:9)
  9 gnolls
  18 adders
  7 shadow imps
  2 oozes
  An adder zombie (D:10)
  An adder skeleton (D:4)
  A worm (D:2)
  5 dart slugs
  2 leopard geckos
  81 orcs
  A giant cockroach (D:8)
  7 goblins
  4 hobgoblins
  9 jackals
  7 quokkas
  10 bats
  A frilled lizard (D:2)
  A jackal skeleton (D:8)
  8 kobolds
  A leopard gecko skeleton (D:7)
  2 leopard gecko zombies
  3 quokka skeletons
  2 rats (D:2)
  3 fungi
  3 plants
689 creatures vanquished.

Vanquished Creatures (others)
  A hound (D:4)
  A gnoll (D:4)
  A frilled lizard (D:4)
  A bush (Swamp:4)
  21 fungi
  21 plants
  4 withered plants (Lair:1)
50 creatures vanquished.

Grand Total: 739 creatures vanquished

Notes
Turn   | Place    | Note
-------+----------+-------------------------------------------
     0 | D:1      | vurker the Mummy Fire Elementalist began the quest for the
                  | Orb.
     0 | D:1      | Reached XP level 1. HP: 13/13 MP: 4/4
   237 | D:1      | Reached skill level 1 in Conjurations
   287 | D:1      | Reached XP level 2. HP: 20/20 MP: 1/5
   363 | D:1      | Reached skill level 3 in Spellcasting
   700 | D:2      | Reached XP level 3. HP: 25/25 MP: 3/7
   870 | D:2      | Reached skill level 1 in Fighting
  1145 | D:2      | Found a white marble altar of Elyvilon.
  1389 | D:2      | Reached XP level 4. HP: 32/32 MP: 0/9
  1874 | D:3      | Learned a level 4 spell: Sticky Flame
  1878 | D:3      | Learned a level 3 spell: Conjure Flame
  2503 | D:3      | Reached skill level 4 in Spellcasting
  2503 | D:3      | Reached XP level 5. HP: 31/38 MP: 2/11
  2834 | D:4      | Noticed a slave
  2834 | D:4      | Noticed a slave
  2835 | D:4      | Noticed a slave
  2835 | D:4      | Noticed Pikel
  3359 | D:3      | Killed a slave
  3544 | D:4      | Noticed a slave
  3556 | D:4      | Killed a slave
  3640 | D:3      | Killed a slave
  3806 | D:4      | Reached XP level 6. HP: 40/44 MP: 6/12
  3813 | D:4      | Learned a level 5 spell: Fireball
  3844 | D:4      | Killed Pikel
  3844 | D:4      | Reached skill level 5 in Spellcasting
  3844 | D:4      | Reached XP level 7. HP: 17/51 MP: 1/15
  4062 | D:4      | Reached skill level 6 in Spellcasting
  4387 | D:4      | Got an ichor-stained shortbow
  4388 | D:4      | Identified the +5 shortbow of Fimbulwinter {velocity,
                  | +Blink rC++} (You found it on level 4 of the Dungeon)
  4645 | D:5      | Entered Level 5 of the Dungeon
  4646 | D:5      | Found a stormy altar of Qazlal.
  4648 | D:5      | Found the +2 hat of the Bear Spirit {Spirit, +Rage rN+
                  | MR++}
  4648 | D:5      | Noticed Eustachio
  4695 | D:4      | Killed Eustachio
  4695 | D:4      | Reached XP level 8. HP: 58/58 MP: 10/17
  4883 | D:5      | Noticed Ijyb
  4889 | D:5      | Reached skill level 5 in Fire Magic
  4893 | D:5      | Killed Ijyb
  5054 | D:5      | Found a transporter.
  5115 | D:5      | Reached skill level 7 in Spellcasting
  5527 | D:5      | Found a transporter.
  5921 | D:5      | Found a staircase to the Ecumenical Temple.
  6070 | Temple   | Entered the Ecumenical Temple
  6230 | Temple   | Became a worshipper of Gozag Ym Sagoz the Greedy
  6409 | D:6      | Reached skill level 5 in Conjurations
  7448 | D:7      | Reached XP level 9. HP: 65/65 MP: 16/20
  7554 | D:7      | Reached skill level 8 in Spellcasting
  8849 | D:7      | Reached skill level 9 in Spellcasting
  9433 | D:8      | Reached skill level 5 in Fighting
  9718 | D:8      | Got a crude dagger
  9719 | D:8      | Identified the +1 dagger of Ofroi {pierce, Int+7 Dex+2}
                  | (You found it on level 8 of the Dungeon)
  9775 | D:8      | Noticed Joseph
  9832 | D:8      | Killed Joseph
  9832 | D:8      | Reached XP level 10. HP: 47/74 MP: 2/23
  9988 | D:8      | Noticed Prince Ribbit
 10104 | D:8      | Noticed a two-headed ogre
 10109 | D:8      | Killed a two-headed ogre
 10208 | D:8      | Reached skill level 10 in Spellcasting
 10217 | D:8      | Killed Prince Ribbit
 11440 | D:9      | Noticed a death yak
 11458 | D:9      | Killed a death yak
 11458 | D:9      | Reached skill level 1 in Evocations
 11541 | D:9      | Noticed a death yak
 11556 | D:9      | Noticed Gastronok
 12169 | D:9      | Noticed a death yak
 12177 | D:9      | Noticed a death yak
 12294 | D:9      | Killed a death yak
 12529 | D:9      | Noticed a death yak
 12540 | D:9      | Noticed a death yak
 12550 | D:9      | Killed a death yak
 12550 | D:9      | Reached skill level 11 in Spellcasting
 12550 | D:9      | Reached XP level 11. HP: 64/81 MP: 0/26
 12726 | D:9      | Found a staircase to the Lair.
 12779 | D:9      | Noticed a death yak
 12793 | D:9      | Killed a death yak
 12797 | D:9      | Killed a death yak
 12804 | D:9      | Killed a death yak
 12875 | D:9      | Noticed a two-headed ogre
 12880 | D:9      | Killed a two-headed ogre
 13072 | D:9      | Killed a death yak
 13646 | D:9      | Found Eshescho's Book Boutique.
 14184 | D:9      | Killed Gastronok
 14326 | D:9      | Found a staircase to the Lair.
 14357 | D:9      | Found Eshescho's Book Boutique.
 14794 | D:10     | Entered Level 10 of the Dungeon
 14837 | D:10     | Got a bloodstained robe
 14838 | D:10     | Identified the +1 robe of Gozag's Supremacy {+Fly Str+2
                  | Dex+4 Slay-6} (You found it on level 10 of the Dungeon)
 15157 | D:10     | Reached skill level 12 in Spellcasting
 15602 | D:10     | Found Avvo's Book Shop.
 15686 | D:10     | Found a portal to a secret trove of treasure.
 16210 | D:11     | Noticed Maurice
 16215 | D:11     | Killed Maurice
 16220 | D:11     | Noticed a green ugly thing
 16365 | D:11     | Killed a green ugly thing
 16629 | D:11     | Noticed a two-headed ogre
 16635 | D:11     | Killed a two-headed ogre
 16635 | D:11     | Reached XP level 12. HP: 91/91 MP: 5/28
 17748 | D:11     | Found a staircase to the Orcish Mines.
 17750 | D:11     | Found Coaf Uko's Weapon Emporium.
 18121 | D:11     | Got a scorched scale mail
 18122 | D:11     | Identified the +1 scale mail of Dramatic Exits {+Fly} (You
                  | found it on level 11 of the Dungeon)
 18342 | Lair:1   | Entered Level 1 of the Lair of Beasts
 18933 | Lair:1   | Found a runed translucent gate.
 18933 | Lair:1   | Found a runed translucent gate.
 18933 | Lair:1   | Found a runed translucent gate.
 18933 | Lair:1   | Noticed grouchysmurf's ghost (journeyman GrBe)
 18934 | Lair:1   | Noticed Killmatronix's ghost (journeyman KoHu)
 19432 | Lair:1   | Noticed a six-headed hydra
 19436 | Lair:1   | Killed a six-headed hydra
 19436 | Lair:1   | Reached skill level 13 in Spellcasting
 20801 | Lair:2   | Noticed a four-headed hydra
 20815 | Lair:2   | Killed a four-headed hydra
 20823 | Lair:2   | Noticed an eight-headed hydra
 20970 | Lair:2   | Killed an eight-headed hydra
 21261 | Lair:2   | Learned a level 1 spell: Shock
 21746 | Lair:2   | Reached skill level 10 in Fire Magic
 22593 | Lair:3   | Found a staircase to the Swamp.
 22702 | Lair:3   | Gained mutation: You are in touch with the powers of death.
                  | [Mummy growth]
 22702 | Lair:3   | Reached XP level 13. HP: 80/98 MP: 23/30
 23409 | Lair:4   | Reached skill level 10 in Conjurations
 23834 | Lair:4   | Found a staircase to the Snake Pit.
 23948 | Lair:4   | Reached skill level 5 in Evocations
 24628 | Lair:5   | Reached skill level 14 in Spellcasting
 25136 | Lair:5   | You fall into a shaft and drop 1 floor!
 25136 | Lair:6   | Entered Level 6 of the Lair of Beasts
 26313 | Lair:5   | Found a viscous altar of Jiyva.
 26313 | Lair:5   | Found a staircase to the Slime Pits.
 26566 | Lair:5   | Got a pair of scorched boots
 26647 | Lair:5   | Identified the cursed +0 pair of boots of Ixizo {Dex+6}
                  | (You found it on level 5 of the Lair of Beasts)
 27632 | Lair:6   | Reached XP level 14. HP: 108/108 MP: 19/32
 28018 | Lair:6   | Reached skill level 15 in Spellcasting
 30974 | Orc:1    | Entered Level 1 of the Orcish Mines
 31137 | Orc:1    | Found Xoezxokhlot's Magic Scroll Shop.
 31181 | Orc:1    | Bought a scroll of silence for 90 gold pieces
 31181 | Orc:1    | Bought a scroll of blinking for 90 gold pieces
 31181 | Orc:1    | Bought a scroll of blinking for 90 gold pieces
 31181 | Orc:1    | Bought a scroll of magic mapping for 42 gold pieces
 31181 | Orc:1    | Bought a scroll of teleportation for 36 gold pieces
 31255 | Orc:2    | Entered Level 2 of the Orcish Mines
 31803 | Orc:2    | Found a staircase to the Elven Halls.
 32565 | Orc:2    | Found Zeck's General Store.
 32601 | Orc:2    | Found Amypnit's General Store.
 33423 | Orc:2    | Reached skill level 16 in Spellcasting
 33645 | Orc:2    | Found Jased's Gadget Shop.
 33645 | Orc:2    | Found Upruw's Antique Armour Boutique.
 33645 | Orc:2    | Found a one-way gate leading to the halls of Pandemonium.
 33649 | Orc:2    | Bought a buckler for 108 gold pieces
 33649 | Orc:2    | Bought a thick robe for 136 gold pieces
 33649 | Orc:2    | Identified the +2 robe of the Dwarven Hall {rElec Slay+2}
                  | (You bought it in a shop on level 2 of the Orcish Mines)
 33700 | Orc:2    | Found a roughly hewn altar of Beogh.
 34112 | Swamp:1  | Entered Level 1 of the Swamp
 34118 | Swamp:1  | Noticed Donald
 34179 | Lair:3   | Killed Donald
 34179 | Lair:3   | Reached skill level 10 in Fighting
 34467 | Swamp:1  | Reached skill level 1 in Shields
 34470 | Swamp:1  | Reached XP level 15. HP: 83/115 MP: 5/35
 38154 | Swamp:3  | Noticed a thorn hunter
 38156 | Swamp:3  | Killed a thorn hunter
 38381 | Swamp:3  | Got a shimmering battleaxe
 38994 | Swamp:4  | Entered Level 4 of the Swamp
 38994 | Swamp:4  | Noticed a tentacled monstrosity
 39247 | Swamp:3  | Killed a tentacled monstrosity
 40424 | Swamp:4  | Reached skill level 17 in Spellcasting
 42509 | Swamp:4  | Reached XP level 16. HP: 100/124 MP: 17/37
 43270 | Swamp:4  | Noticed the 27-headed Lernaean hydra
 43280 | Swamp:4  | HP: 4/124 [the 27-headed Lernaean hydra (12)]
 43280 | Swamp:4  | Demolished by the 27-headed Lernaean hydra

Levels and vault maps discovered:
D:1:      lightli_arrival_isolated_outpost, layout_basic
D:2:      layout_rooms, elyvilon_altar_3, first_ration
D:3:      cheibrodos_pilgrimage, layout_basic
D:4:      layout_basic, uniq_pikel
D:5:      gammafunk_wand_slinger, layout_loops_ring,
          minmay_temple_entry_enclosed_plants, nicolae_qazlal_general_emergency,
          uniq_ijyb, uniq_eustachio
D:6:      layout_basic, kennysheep_pointless_box
D:7:      layout_basic, the_bakery, kennysheep_opposing_triangles
D:8:      layout_loops_cross, uniq_prince_ribbit1, uniq_joseph
D:9:      layout_loops_ring, dpeg_lair_monsters, serial_shops,
          nicolae_shop_trees, uniq_gastronok
D:10:     minmay_skewed_foursquare, layout_basic, nicolae_trove_entry_diagonal,
          serial_shops, shop
D:11:     layout_irregular_city, orc_david_3, uniq_maurice
Temple:   kilobyte_greek_temple
Lair:1:   layout_cave_pods, gammafunk_ghost_cemetery, st_stairs_6,
          lemuel_fruit_tree
Lair:2:   layout_chaotic_city
Lair:3:   layout_gridlike, skrybe_swamp_entry_bodies,
          grunt_forest_small_clearings, small_statue_intersection,
          serial_bayou_shore_b
Lair:4:   layout_cave_pods, minmay_snake_entry_guardpost_small,
          grunt_megastairs_5
Lair:5:   layout_cave_pods, slime_altar_1, gauntlet_entry_generic,
          minmay_lair_oklob_items
Lair:6:   due_jungle_book, layout_regular_city, minmay_shattered_shrine,
          grunt_megastairs_3
Swamp:1:  layout_basic_swamp, nicolae_swamp_round_clearing, uniq_donald
Swamp:2:  layout_falls_marsh, serial_swamp_ruin, evilmike_swamp_ruin_house_2,
          evilmike_swamp_ruin_rubble_2, evilmike_swamp_ruin_rubble_1
Swamp:3:  layout_basic_swamp, hangedman_swamp_blocks
Swamp:4:  grunt_swamp_rune_castle, layout_basic_swamp
Orc:1:    layout_diamond_mine, serial_shops, shop
Orc:2:    pf_orc_diabolical, layout_caves, basic_altar

Skill      XL: |  1  2  3  4  5  6  7  8  9 10 11 12 13 14 15 16 |
---------------+-------------------------------------------------+-----
Conjurations   | 1 2 3 4 5 6 7 8 9 10 11 12 | 12.7
Spellcasting   | 3 4 5 6 7 9 11 12 13 14 16 17 | 17.3
Fighting       | 1 2 3 4 5 6 7 8 9 10 | 10.8
Fire Magic     | 3 4 5 6 7 9 10 11 12 13 | 13.0
Evocations     | 1 3 4 5 |  5.0
Shields        | 1 4 |  4.0
Dodging        | |  1.5
Stealth        | |  1.5

Action                   |  1- 3 |  4- 6 |  7- 9 | 10-12 | 13-15 | 16-18 || total
-------------------------+-------+-------+-------+-------+-------+-------++-------
Melee: Unarmed           |     4 |       |       |       |       |       ||     4
       Dagger            |       |    12 |     1 |    59 |   214 |       ||   286
       Whip              |       |       |    24 |       |       |       ||    24
 Cast: Flame Tongue      |    62 |    99 |   325 |   203 |       |       ||   689
       Sticky Flame      |       |     2 |    17 |    37 |    57 |       ||   113
       Conjure Flame     |       |     1 |     7 |    34 |     4 |       ||    46
       Fireball          |       |       |     6 |   125 |   526 |    25 ||   682
       Shock             |       |       |       |    46 |   120 |     3 ||   169
Invok: Call Merchant     |       |       |       |       |     2 |       ||     2
       Potion Petition   |       |       |       |       |     1 |       ||     1
 Abil: Evoke Flight      |       |       |       |     1 |       |       ||     1
Evoke: Wand              |       |       |       |     8 |    14 |     9 ||    31
       Box of beasts     |       |       |       |       |     1 |     2 ||     3
  Use: Scroll            |     3 |     3 |     7 |     7 |    16 |     1 ||    37
Armor: Robe              |    11 |    20 |    52 |    41 |    67 |     5 ||   196
Dodge: Dodged            |    17 |    45 |    90 |    74 |   154 |     7 ||   387
Block: Buckler           |       |       |       |       |    55 |     3 ||    58

Table legend:
 A = Non-vault XP
 B = Vault XP
 C = Vault XP percentage of total XP
 D = Non-vault monster count
 E = Vault monster count
 F = Vault count percentage of total count
                 A         B        C        D         E       F
            +---------+---------+-------+---------+---------+-------
      Total |  106207 |   55074 |  34.1 |     528 |     152 |  22.4
            +---------+---------+-------+---------+---------+-------
        D:1 |      20 |       0 |   0.0 |       8 |       0 |   0.0
        D:2 |      82 |       0 |   0.0 |      24 |       0 |   0.0
        D:3 |     104 |     128 |  55.2 |      11 |       6 |  35.3
        D:4 |     426 |     848 |  66.6 |      22 |       2 |   8.3
        D:5 |     744 |     152 |  17.0 |      29 |       6 |  17.1
        D:6 |     361 |       0 |   0.0 |      15 |       0 |   0.0
        D:7 |    1449 |     331 |  18.6 |      39 |       4 |   9.3
        D:8 |    2395 |     738 |  23.6 |      25 |       2 |   7.4
        D:9 |    2117 |    8401 |  79.9 |      22 |       8 |  26.7
       D:10 |    1585 |     205 |  11.5 |      13 |       3 |  18.8
       D:11 |    5488 |     599 |   9.8 |      44 |       5 |  10.2
     Lair:1 |    4357 |       0 |   0.0 |      14 |       0 |   0.0
     Lair:2 |    6049 |       0 |   0.0 |      18 |       0 |   0.0
     Lair:3 |    5018 |    2462 |  32.9 |      17 |       3 |  15.0
     Lair:4 |    5130 |     843 |  14.1 |      15 |       4 |  21.1
     Lair:5 |    5658 |    1135 |  16.7 |      20 |       3 |  13.0
     Lair:6 |   16897 |   11575 |  40.7 |      33 |      20 |  37.7
    Swamp:1 |   14191 |       0 |   0.0 |      45 |       0 |   0.0
    Swamp:2 |    7049 |       0 |   0.0 |      20 |       0 |   0.0
    Swamp:3 |   17542 |    1281 |   6.8 |      32 |       2 |   5.9
    Swamp:4 |    7592 |   12013 |  61.3 |      14 |      25 |  64.1
      Orc:1 |     439 |       0 |   0.0 |      15 |       0 |   0.0
      Orc:2 |    1514 |   14363 |  90.5 |      33 |      59 |  64.1
            +---------+---------+-------+---------+---------+-------
